 Dungeon Crawl Stone Soup version 0.22-a0-369-gc73351f (webtiles) character file.

3560 Megalobster the Martial Artist (level 10, -11/74 HPs)
             Began as a Gnoll Transmuter on Apr 25, 2018.
             Was an Initiate of Gozag.
             Killed from afar by Dowan (13 damage)
             ... with a shard of ice
             ... on level 7 of the Dungeon.
             The game lasted 00:34:26 (8340 turns).

Megalobster the Martial Artist (Gnoll Transmuter)   Turns: 8340, Time: 00:34:27

Health: -11/74     AC:  4    Str: 20    XL:     10   Next: 9%
Magic:  20/20      EV: 16    Int: 17    God:    Gozag
Gold:   1061       SH:  0    Dex: 15    Spells: 10/23 levels left

rFire    . . .     SeeInvis .   J - +2 hand axe (elec)
rCold    + . .     Gourm    +   (no shield)
rNeg     . . .     Faith    .   D - +0 robe
rPois    .         Spirit   .   (no helmet)
rElec    .         Reflect  .   (no cloak)
rCorr    .         Harm     .   j - +1 pair of gloves
MR       .....                  (no boots)
Stlth    +++.......             f - amulet of the gourmand
HPRegen  0.22/turn              y - ring of protection from cold
MPRegen  0.17/turn              (no ring)

@: mighty, gold aura
A: distributed training, fangs 1, strong nose
a: Potion Petition, Call Merchant, Bribe Branch, Renounce Religion


You were on level 7 of the Dungeon.
You worshipped Gozag.
Gozag was most pleased with you.
You were not hungry.

You visited 1 branch of the dungeon, and saw 7 of its levels.
You also visited: Bailey.

You collected 1083 gold pieces.
You paid 22 gold pieces to Gozag.

Inventory:

Hand Weapons
 a - a +1 dagger of electrocution
 h - a +0 dagger
 F - a +1 whip of freezing
 I - a +1 mace of draining
 J - a +2 hand axe of electrocution (weapon)
Missiles
 e - 109 arrows
 m - 236 stones
 r - 50 sling bullets
 s - 2 javelins (quivered)
Armour
 g - a +0 scale mail
 j - a +1 pair of gloves (worn)
 D - a +0 robe (worn)
 K - a +0 leather armour
Magical Staves
 b - an uncursed staff of power
 G - an uncursed staff of cold
Jewellery
 f - an amulet of the gourmand (around neck)
 y - a ring of protection from cold (left hand)
Wands
 w - a wand of acid (5)
 x - a wand of random effects (14)
Scrolls
 c - 2 scrolls of remove curse {@r2}
 l - a scroll of random uselessness
 n - 4 scrolls of teleportation {unknown}
 p - a scroll of fear {unknown}
 B - a scroll of blinking {unknown}
 E - a scroll of amnesia {unknown}
 H - a scroll of identify {@r1}
Potions
 i - 5 potions of heal wounds
 k - 2 potions of brilliance
 o - a potion of berserk rage {unknown}
 q - 2 potions of resistance {unknown}
 u - a potion of mutation {unknown}
 v - 2 potions of flight {unknown}
 z - a potion of haste {unknown}
 A - 5 potions of curing {unknown}
Comestibles
 d - 6 rations


   Skills:
 + Level 5.5 Fighting
 + Level 4.8 Short Blades
 + Level 4.8 Long Blades
 + Level 4.8 Axes
 + Level 4.8 Maces & Flails
 + Level 4.8 Polearms
 + Level 4.8 Staves
 + Level 4.8 Slings
 + Level 4.8 Bows
 + Level 4.8 Crossbows
 + Level 4.8 Throwing
 + Level 4.8 Armour
 + Level 6.7 Dodging
 + Level 4.8 Stealth
 + Level 4.8 Shields
 + Level 8.2 Unarmed Combat
 + Level 7.0 Spellcasting
 + Level 4.0 Conjurations
 + Level 4.0 Hexes
 + Level 4.0 Charms
 + Level 4.0 Summonings
 + Level 4.0 Necromancy
 + Level 4.0 Translocations
 + Level 5.6 Transmutations
 + Level 4.0 Fire Magic
 + Level 4.0 Ice Magic
 + Level 4.0 Air Magic
 + Level 4.0 Earth Magic
 + Level 4.0 Poison Magic
 + Level 5.3 Invocations
 + Level 4.8 Evocations


You had 10 spell levels left.
You knew the following spells:

 Your Spells              Type           Power        Failure   Level  Hunger
a - Beastly Appendage     Tmut           ####..       1%          1    None
b - Sticks to Snakes      Tmut           ####....     1%          2    None
c - Spider Form           Tmut/Pois      ###.......   4%          3    ##.....
d - Ice Form              Ice/Tmut       ###.....     16%         4    ####...
e - Animate Skeleton      Necr           N/A          2%          1    None
f - Call Imp              Summ           ###.....     3%          2    None


Dungeon Overview and Level Annotations

Branches:
Dungeon (7/15)             Temple (0/1) D:4

Altars:
Fedhas
Gozag
Hepliaklqana
Nemelex Xobeh
Ru
Wu Jian

Shops:
D:2 *

Annotations:
D:7 Dowan


Innate Abilities, Weirdness & Mutations

Your experience applies equally to all skills.
You have very sharp teeth.
Your uncanny sense of smell can sniff out nearby items.


Message History

Dowan seems overcome with grief, but rights himself reflexively soon after.
Dowan seems to find hidden reserves of power!
You slash Dowan!
Dowan is moderately wounded.
Dowan gestures at you while chanting. The stone arrow hits you!
* * * LOW HITPOINT WARNING * * *
Dowan casts a spell.
Dowan blinks!
You take 2 damage, and have 1/74 hp.
You now have 1061 gold pieces (gained 6).
Things that are here:
a short sword; a leather armour You slash Dowan!
Dowan is almost dead.
Dowan misses you. Dowan casts a spell at you. The shard of ice hits you!
You partially resist.
You die...
Your body crumbles into a pile of gold.

#.##### .......
....... >...... #.
......# #. ......# #.
#####$...#
#.###@).$..#.#
#.#<#e######.#
#.........##.#
#.....)...##.#
#.........##.#
#........$##.#########
#....(.(.((..##.......
#...!$)...#####.#####.
#.#.#.#..## #.##..$.


You could see Dowan.

Vanquished Creatures
  Pikel (D:6)
  An orc sorcerer (Bailey)
  Grinder (D:6)
  Duvessa (D:7)
  An orc warrior (Bailey)
  A black bear (D:7)
  A sky beast (D:5)
  3 phantoms (D:7)
  4 ogres
  A centaur (D:5)
  A scorpion (D:4)
  6 howler monkeys
  2 crimson imps
  A centaur zombie (D:5)
  4 hounds
  An orc priest (D:5)
  5 orc wizards
  4 worker ants
  An iguana (D:5)
  2 hound skeletons (D:4)
  A howler monkey zombie (D:6)
  7 gnolls
  A howler monkey skeleton (D:5)
  6 adders
  2 shadow imps
  2 oozes
  A worm (D:3)
  A leopard gecko (D:6)
  18 orcs
  3 ball pythons
  6 bats
  5 giant cockroaches
  14 goblins
  12 hobgoblins
  17 jackals
  2 quokkas
  A ball python skeleton (D:4)
  10 frilled lizards
  A jackal skeleton (D:5)
  6 kobolds
  A leopard gecko skeleton (D:7)
  A leopard gecko zombie (D:6)
  A quokka zombie (D:7)
  9 rats
170 creatures vanquished.

Vanquished Creatures (collateral kills)
  Sigmund (D:5)
  Edmund (D:6)
  A phantom (D:4)
  An ogre (D:4)
  An adder skeleton (D:4)
  3 orcs
  2 jackals (D:4)
10 creatures vanquished.

Vanquished Creatures (others)
  A hobgoblin (D:3)
1 creature vanquished.

Grand Total: 181 creatures vanquished

Notes
Turn   | Place    | Note
-------+----------+-------------------------------------------
     0 | D:1      | Megalobster the Gnoll Transmuter began the quest for the Orb.
     0 | D:1      | Reached XP level 1. HP: 17/17 MP: 6/6
    60 | D:1      | Reached XP level 2. HP: 20/23 MP: 7/7
   368 | D:1      | Reached XP level 3. HP: 28/28 MP: 9/9
   378 | D:1      | Reached skill level 5 in Spellcasting
   719 | D:1      | Learned a level 2 spell: Sticks to Snakes
   723 | D:1      | Learned a level 3 spell: Spider Form
   733 | D:2      | Reached skill level 1 in Invocations
   796 | D:2      | Found Gozag's Platinum Reserve.
   797 | D:2      | Found an opulent altar of Gozag.
   848 | D:2      | Became a worshipper of Gozag Ym Sagoz the Greedy
   886 | D:2      | Reached skill level 1 in Short Blades
   886 | D:2      | Reached skill level 1 in Long Blades
   886 | D:2      | Reached skill level 1 in Axes
   886 | D:2      | Reached skill level 1 in Maces & Flails
   886 | D:2      | Reached skill level 1 in Polearms
   886 | D:2      | Reached skill level 1 in Staves
   886 | D:2      | Reached skill level 1 in Slings
   886 | D:2      | Reached skill level 1 in Bows
   886 | D:2      | Reached skill level 1 in Crossbows
   886 | D:2      | Reached skill level 1 in Throwing
   886 | D:2      | Reached skill level 1 in Armour
   886 | D:2      | Reached skill level 1 in Stealth
   886 | D:2      | Reached skill level 1 in Shields
   886 | D:2      | Reached skill level 1 in Evocations
   924 | D:2      | Found a hazy altar of Hepliaklqana.
  1070 | D:2      | Reached XP level 4. HP: 34/34 MP: 11/11
  1337 | D:3      | Learned a level 4 spell: Ice Form
  1570 | D:2      | Reached skill level 1 in Conjurations
  1570 | D:2      | Reached skill level 1 in Hexes
  1570 | D:2      | Reached skill level 1 in Charms
  1570 | D:2      | Reached skill level 1 in Summonings
  1570 | D:2      | Reached skill level 1 in Necromancy
  1570 | D:2      | Reached skill level 1 in Translocations
  1570 | D:2      | Reached skill level 1 in Fire Magic
  1570 | D:2      | Reached skill level 1 in Ice Magic
  1570 | D:2      | Reached skill level 1 in Air Magic
  1570 | D:2      | Reached skill level 1 in Earth Magic
  1570 | D:2      | Reached skill level 1 in Poison Magic
  1942 | D:3      | Reached XP level 5. HP: 31/40 MP: 12/12
  2739 | D:4      | Found a staircase to the Ecumenical Temple.
  2912 | D:4      | Reached XP level 6. HP: 23/47 MP: 11/13
  3310 | D:4      | Reached skill level 5 in Dodging
  3414 | D:4      | Noticed a phantom
  3455 | D:4      | Killed a phantom
  3455 | D:4      | Reached XP level 7. HP: 47/52 MP: 7/15
  3511 | D:4      | Reached skill level 7 in Unarmed Combat
  3534 | D:4      | Learned a level 1 spell: Animate Skeleton
  3639 | D:4      | Found a sparkling altar of Nemelex Xobeh.
  4041 | D:5      | Entered Level 5 of the Dungeon
  4101 | D:5      | Noticed Sigmund
  4108 | D:5      | Killed Sigmund
  4402 | D:5      | Found a sacrificial altar of Ru.
  4409 | D:5      | Reached XP level 8. HP: 59/60 MP: 16/16
  4695 | D:5      | Found a blossoming altar of Fedhas.
  5367 | D:6      | Noticed Edmund
  5410 | D:6      | Killed Edmund
  6271 | D:6      | Found an ornate altar of the Wu Jian Council.
  6330 | D:6      | Noticed Pikel
  6343 | D:6      | Killed Pikel
  6343 | D:6      | Reached skill level 5 in Transmutations
  6343 | D:6      | Reached XP level 9. HP: 59/66 MP: 9/18
  6407 | D:6      | Noticed Grinder
  6438 | D:6      | Paralysed by Grinder for 5 turns
  6448 | D:6      | Killed Grinder
  7137 | D:7      | Reached skill level 5 in Fighting
  7196 | D:7      | Learned a level 2 spell: Call Imp
  7201 | D:7      | Found a flagged portal.
  7212 | Bailey   | Entered a bailey
  7293 | Bailey   | Found an iron altar of Okawaru.
  7293 | Bailey   | Noticed an orc high priest
  7293 | Bailey   | Noticed an orc sorcerer
  7301 | Bailey   | Noticed a red devil
  7306 | Bailey   | Noticed a rust devil
  7312 | Bailey   | Killed an orc sorcerer
  7312 | Bailey   | Reached skill level 8 in Unarmed Combat
  7312 | Bailey   | Reached skill level 5 in Invocations
  8023 | D:7      | HP: 1/68 [phantom (6)]
  8024 | D:7      | Reached XP level 10. HP: 2/74 MP: 15/20
  8325 | D:7      | Noticed Duvessa
  8331 | D:7      | Noticed Dowan
  8334 | D:7      | HP: 2/74 [Duvessa/short sword (8)]
  8335 | D:7      | Killed Duvessa
  8340 | D:7      | Killed from afar by Dowan

Vault maps used:
D:1:      matt_arrival_spirals
D:2:      nicolae_gozag_zags_fifth_avenue, lemuel_doored_altar,
          minmay_misc_feat_plants, solitary_fountain
D:3:      first_ration, minmay_strange_pillars, lemuel_flame_loot_1
D:4:      nemelex_xobeh_ov_fountains_minmay, minmay_temple_entry_statues
D:5:      nicolae_ru_great_annihilating_truth, fedhas_bush_and_centaur_altar,
          uniq_sigmund
D:6:      lemuel_round_altar, hangedman_decor_lopped, uniq_grinder, uniq_edmund,
          uniq_pikel
D:7:      lightli_temple_of_fire, enter_bailey_2, uniq_duvessa
Bailey:   bailey_axe_of_yendor_kennysheep, bailey

Skill      XL: |  1  2  3  4  5  6  7  8  9 10 |
---------------+-------------------------------+-----
Spellcasting   | 5 6 7 |  7.0
Invocations    | 1 2 3 4 5 |  5.3
Short Blades   | 1 2 3 4 |  4.8
Long Blades    | 1 2 3 4 |  4.8
Axes           | 1 2 3 4 |  4.8
Maces & Flails | 1 2 3 4 |  4.8
Polearms       | 1 2 3 4 |  4.8
Staves         | 1 2 3 4 |  4.8
Slings         | 1 2 3 4 |  4.8
Bows           | 1 2 3 4 |  4.8
Crossbows      | 1 2 3 4 |  4.8
Throwing       | 1 2 3 4 |  4.8
Armour         | 1 2 3 4 |  4.8
Stealth        | 1 2 3 4 |  4.8
Shields        | 1 2 3 4 |  4.8
Evocations     | 1 2 3 4 |  4.8
Conjurations   | 1 2 3 4 |  4.0
Hexes          | 1 2 3 4 |  4.0
Charms         | 1 2 3 4 |  4.0
Summonings     | 1 2 3 4 |  4.0
Necromancy     | 1 2 3 4 |  4.0
Translocations | 1 2 3 4 |  4.0
Fire Magic     | 1 2 3 4 |  4.0
Ice Magic      | 1 2 3 4 |  4.0
Air Magic      | 1 2 3 4 |  4.0
Earth Magic    | 1 2 3 4 |  4.0
Poison Magic   | 1 2 3 4 |  4.0
Fighting       | 3 4 5 |  5.5
Transmutations | 4 5 |  5.6
Dodging        | 5 6 |  6.7
Unarmed Combat | 7 8 |  8.2

Action                   |  1- 3 |  4- 6 |  7- 9 | 10-12 || total
-------------------------+-------+-------+-------+-------++-------
Melee: Unarmed           |     8 |    13 |    64 |       ||    85
       Dagger            |    76 |   163 |   230 |       ||   469
       Kick              |     3 |       |       |       ||     3
       Bite              |     3 |    17 |    38 |     3 ||    61
       Punch             |     2 |     3 |     7 |     3 ||    15
       Headbutt          |       |     1 |     2 |       ||     3
       Hand axe          |       |       |    65 |    33 ||    98
Throw: Stone             |       |     5 |     6 |       ||    11
       Javelin           |       |       |     4 |       ||     4
 Cast: Beastly Appendage |     3 |     1 |     1 |       ||     5
       Sticks to Snakes  |       |     8 |    27 |       ||    35
       Spider Form       |       |     2 |     6 |       ||     8
       Call Imp          |       |       |     4 |       ||     4
Invok: Potion Petition   |       |       |     1 |       ||     1
  Use: Scroll            |       |     4 |     2 |       ||     6
       Potion            |       |       |     1 |     1 ||     2
 Stab: Sleeping          |     3 |     5 |     4 |       ||    12
       Distracted        |       |     4 |       |       ||     4
       Paralysed         |       |       |     1 |       ||     1
  Eat: Chunk             |    17 |       |       |       ||    17
       Ration            |       |       |     5 |       ||     5
Armor: Robe              |    13 |    16 |    29 |     5 ||    63
       Skin              |       |     1 |     3 |       ||     4
Dodge: Dodged            |    61 |   113 |   322 |    36 ||   532

Table legend:
 A = Spawn XP
 B = Non-spawn XP
 C = Spawn XP percentage of total XP
 D = Spawn monster count
 E = Non-spawn monster count
 F = Spawn count percentage of total count
 G = Total turns spent on level
                    A         B        C        D         E        F      G
               +---------+---------+-------+---------+---------+-------+---------
         Total |       0 |    5086 |   0.0 |       0 |     180 |   0.0 |  8340
               +---------+---------+-------+---------+---------+-------+---------
           D:1 |       0 |      55 |   0.0 |       0 |      31 |   0.0 |   729
           D:2 |       0 |      50 |   0.0 |       0 |      13 |   0.0 |   827
           D:3 |       0 |     137 |   0.0 |       0 |      26 |   0.0 |  1221
           D:4 |       0 |     599 |   0.0 |       0 |      22 |   0.0 |  1264
           D:5 |       0 |     803 |   0.0 |       0 |      20 |   0.0 |  1316
           D:6 |       0 |    1651 |   0.0 |       0 |      32 |   0.0 |  1762
           D:7 |       0 |    1056 |   0.0 |       0 |      29 |   0.0 |  1102
        Bailey |       0 |     735 |   0.0 |       0 |       7 |   0.0 |   119
               +---------+---------+-------+---------+---------+-------+---------
